 Dungeon Crawl Stone Soup version 0.30.1-11-g7821555f0a (webtiles) character file.

Game seed: 14332514713217185997

2269162 Hi5aMiFi the Invulnerable (level 26, 239/239 HPs)
             Began as a Minotaur Berserker on Jan 9, 2024.
             Was the Champion of Trog.
             Escaped with the Orb
             ... and 4 runes on Jan 10, 2024!
             The game lasted 08:03:44 (71675 turns).

Hi5aMiFi the Invulnerable (Minotaur Berserker)     Turns: 71675, Time: 08:03:44

Health: 239/239    AC: 41    Str: 34    XL:     26   Next: 26%
Magic:  11/11      EV: 10    Int:  8    God:    Trog [******]
Gold:   1238       SH: 36    Dex: 17    Spells: 25/25 levels left

rFire   + . .        x - +9 broad axe (antimagic)
rCold   + + .        R - +5 tower shield
rNeg    + . .        F - +2 gold dragon scales
rPois   +            Z - +0 hat of Daisies {rF+ rCorr}
rElec   +            y - +2 cloak {Will+}
rCorr   +            l - +2 pair of gloves
SInv    .            p - +2 pair of boots {rampage}
Will    +++..        S - amulet of Obsession {Reflect rPois Regen+ SH+5} Stlth
                     n - ring of Coext {Will+ MP+9 Dex+6 Slay+3}
HPRegen 1.39/turn    o - ring "Jaox Pog" {Ice rElec rN+ Will- Str+5}
MPRegen 0.12/turn

%: reflection, rampage
@: hasted, very quick
A: horns 2, retaliatory headbutt, hooves 1, frail 1, high MP 1, strong-willed 1,
evolution 1
0: Orb of Zot
}: 4/15 runes: barnacled, slimy, silver, gossamer
a: Renounce Religion, Berserk, Trog's Hand, Brothers in Arms


You escaped.
You worshipped Trog.
Trog was exalted by your worship.
You visited 10 branches of the dungeon, and saw 52 of its levels.
You visited 1 bazaar.
You also visited: Sewer.

You collected 9502 gold pieces.
You spent 8264 gold pieces at shops.

Inventory:

Hand Weapons
 m - a +9 broad axe of draining
 x - a +9 antimagic broad axe (weapon)
Missiles
 d - 17 boomerangs (quivered)
 f - 13 javelins
 s - a throwing net
 E - 9 boomerangs of dispersal
 K - 6 curare-tipped darts
 M - 3 silver boomerangs
Armour
 l - a +2 pair of gloves (worn)
 p - a +2 pair of boots of rampaging (worn)
 y - a +2 cloak of willpower (worn)
 F - +2 gold dragon scales (worn)
 R - a +5 tower shield (worn)
 Z - the +0 hat of Daisies (worn) {rF+ rCorr}
   (You found it on level 3 of the Depths)

   rF:        It protects you from fire.
   rCorr:     It protects you from acid and corrosion.
Jewellery
 c - the ring of Soewimea {Fly rF+ Int+3}
   (You found it on level 3 of the Elven Halls)

   [ring of flight]

   Int:       It affects your intelligence (+3).
   rF:        It protects you from fire.
   Fly:       It grants you flight.
 n - the ring of Coext (left hand) {Will+ MP+9 Dex+6 Slay+3}
   (You found it on level 1 of the Realm of Zot)

   [ring of dexterity]

   Dex:       It affects your dexterity (+6).
   Slay:      It affects your accuracy & damage with ranged weapons and melee
   (+3).
   MP:        It affects your magic capacity (+9).
   Will:      It increases your willpower.
 o - the ring "Jaox Pog" (right hand) {Ice rElec rN+ Will- Str+5}
   (You bought it in a shop on level 5 of the Vaults)

   [ring of ice]

   It enhances your ice magic.
   Str:       It affects your strength (+5).
   rF:        It makes you vulnerable to fire.
   rC:        It protects you from cold.
   rElec:     It insulates you from electricity.
   rN:        It protects you from negative energy.
   Will:      It decreases your willpower.
 u - the ring of Torusy {rCorr Int+7 Dex+4}
   (You found it on level 3 of the Elven Halls)

   [ring of resist corrosion]

   Int:       It affects your intelligence (+7).
   Dex:       It affects your dexterity (+4).
   rCorr:     It protects you from acid and corrosion.
 H - the ring of Redoideu {Fire rCorr MP+9 Str+5 Stlth-}
   (You acquired it on level 2 of the Orcish Mines)

   [ring of fire]

   It enhances your fire magic.
   Str:       It affects your strength (+5).
   rF:        It protects you from fire.
   rC:        It makes you vulnerable to cold.
   MP:        It affects your magic capacity (+9).
   rCorr:     It protects you from acid and corrosion.
   Stlth:     It makes you less stealthy.
 J - a ring of positive energy
 S - the amulet of Obsession (around neck) {Reflect rPois Regen+ SH+5}
   (You took it off a draconian annihilator on level 4 of the Depths)

   [amulet of reflection]

   It reflects blocked missile attacks.
   rPois:     It protects you from poison.
   Regen:     It increases your rate of health regeneration.
   SH:        It affects your SH (+5).
 T - a ring of see invisible
 X - a ring of protection from cold
Wands
 g - a wand of digging (4)
 w - a wand of roots (40)
 I - a wand of light (16)
 L - a wand of charming (32)
Scrolls
 e - 16 scrolls of teleportation
 h - 10 scrolls of immolation
 r - 10 scrolls of fog
 t - 13 scrolls of fear
 B - 6 scrolls of vulnerability
 C - 4 scrolls of silence
 D - 6 scrolls of poison
 O - a scroll of butterflies
 Q - 5 scrolls of blinking
Potions
 a - 7 potions of mutation
 b - 5 potions of ambrosia
 k - 7 potions of attraction
 q - 18 potions of curing
 z - a potion of resistance
 A - 7 potions of heal wounds
 G - 4 potions of might
 N - 5 potions of cancellation
 P - 7 potions of lignification
 U - 4 potions of haste
 V - 2 potions of invisibility
Miscellaneous
 i - a tin of tremorstones (inert)
 j - a phantom mirror
 W - a lightning rod (4/4)
 Y - a box of beasts (inert)


   Skills:
 O Level 27 Fighting
 - Level 16.0(18.0) Axes
 - Level 7.3(12.6) Maces & Flails
 - Level 11.7(15.3) Polearms
 - Level 16.0 Throwing
 O Level 27 Armour
 - Level 2.1 Dodging
 O Level 27 Shields
 + Level 16.7 Evocations


You had 25 spell levels left.
You didn't know any spells.
Your spell library was empty.

Dungeon Overview and Level Annotations

Branches:
Dungeon (15/15)            Temple (0/1) D:4            Lair (5/5) D:8
 Shoals (4/4) Lair:3       Spider (4/4) Lair:3        Slime (5/5) Lair:5
    Orc (2/2) D:12            Elf (3/3) Orc:2        Vaults (5/5) D:13
  Crypt (0/3) Vaults:3     Depths (4/4) D:15            Zot (5/5) Depths:4
  Sewer (visited)

Altars:
Elyvilon
Fedhas
Gozag
Okawaru
Qazlal
Ru
Vehumet
Wu Jian
Zin
The Shining One
Jiyva
Lugonu

Shops:
D:5 (*[   D:8 *!:[   D:13 (   Orc:1 =   Orc:2 [=*?   Elf:1 [   Elf:2 :?=[
Vaults:1 [   Vaults:3 *   Vaults:5 !?!=!   Depths:1 (

Portals:
Hell: Depths:1 Depths:2 Depths:3 Depths:4
Abyss: Depths:1 Depths:2 Depths:3
Pandemonium: Depths:2
Ziggurat: Depths:1
Trove: Vaults:3 (give +8 demon whip)

Annotations:
Zot:3 3 runed translucent doors, Cuhe's ghost, adept MeEE


Innate Abilities, Weirdness & Mutations

You have a pair of horns on your head.
You reflexively headbutt those who attack you in melee.
You have large cloven feet.
You are frail. (-10% HP)
You have an increased reservoir of magic. (+10% MP)
You are strong-willed. (Will+)
You have hidden genetic potential.


Message History

Aiming: Dig
Press: ? - help, Shift-Dir - straight line A rock wall.
This square is covered in magical glow.
The rock shatters into small pieces.
There is a stone staircase leading up here.
You climb upwards.
There is a stone staircase leading down here.
Aiming: Dig
Press: ? - help, Shift-Dir - straight line A rock wall.
This square is covered in magical glow.
The rock shatters into small pieces.
There is an escape hatch in the ceiling here.
A mysterious force pulls you upwards. The hatch slams shut behind you.
Okay, then.
Your extra speed is starting to run out.
Aiming: Dig
Press: ? - help, Shift-Dir - straight line A rock wall.
This square is covered in magical glow.
The rock shatters into small pieces.
You feel yourself slow down.
You feel yourself speed up.
Okay, then.
Aiming: Dig
Press: ? - help, Shift-Dir - straight line This square is covered in magical glow.
Okay, then.
Aiming: Dig
Press: ? - help, Shift-Dir - straight line This square is covered in magical glow.
The rock shatters into small pieces.
Blink to where?
Press: ? - help, Dir - move target
As you read the scroll of blinking, it crumbles to dust.
Blink to where?
Press: ? - help, Dir - move target
As you read the scroll of blinking, it crumbles to dust.
You have escaped!

...# #.##### #..# ...# #.# #..#
...###.# #..# .....### ####
...### ###### ###### ###### ####
##....####....####....# #
#......##......##.....# #
#:.##..##..##..##..##.# #
#..##..#..@.#..##..##.# #
#..##..#....#..##..##.#
#######ยง.........##..##..##.#
.........##......##......##.#
###.....####..).####....###.#####
# #..#### ###### ###### #.....#
#.################## ####.##...
#.#...........##.#.# #.........
#.#.#########.##.#.# ##.####...


There were no monsters in sight!

Vanquished Creatures
  the Royal Jelly (Slime:5)
  6 dread liches
  3 orbs of fire (Zot:5)
  4 ancient liches (Zot:5)
  5 juggernauts (Depths:2)
  Margery (Vaults:5)
  4 Killer Klowns (Zot:5)
  Saint Roka (Vaults:5)
  A curse toe (Zot:3)
  A caustic shrike (Depths:2)
  11 golden dragons
  Nikola (Depths:2)
  Jory (Vaults:4)
  the Enchantress (Depths:2)
  3 electric golems
  A Brimstone Fiend (Zot:5)
  Zenata (Vaults:2)
  20 tentacled monstrosities
  The ghost of babbab the Fencer, an adept DsGl of Lugonu (Vaults:3)
  27 Orb Guardians
  3 liches
  2 quicksilver dragons
  15 acid blobs
  A walking divine tome (Depths:4)
  A walking frostbound tome (Depths:2)
  2 deep elf master archers (Elf:3)
  4 titans
  A deep elf blademaster (Elf:3)
  4 death cobs
  Kirke (Shoals:2)
  13 storm dragons
  Ilsuiw (Shoals:3)
  5 sphinxes
  12 tengu reavers
  9 shadow dragons
  Agnes (D:15)
  10 fire giants
  9 azure jellies (Slime:5)
  7 rockslimes
  10 deep elf sorcerers
  2 draconian knights
  11 draconian monks
  12 frost giants
  17 vault wardens
  The ghost of ritesign the Necromancer, an adept DECj of Vehumet (Elf:2)
  An emperor scorpion (Spider:4)
  5 draconian shifters
  2 iron dragons
  2 draconian scorchers
  6 ghost moths
  5 spectral caustic shrikes (Depths:1)
  2 orc warlords (Orc:2)
  6 spriggan defenders
  4 draconian stormcallers
  5 deep elf elementalists (Elf:3)
  2 reapers (Depths:4)
  11 draconian annihilators
  10 broodmothers
  12 ironbound preservers
  4 ironbound thunderhulks
  8 quicksilver oozes
  14 very ugly things
  25 green draconians
  14 stone giants
  3 war gargoyles
  3 deep elf demonologists
  4 yellow draconians
  Nessos (D:12)
  8 deep elf annihilators (Elf:3)
  23 white draconians
  14 black draconians
  A dire elephant (shapeshifter) (Vaults:5)
  21 spark wasps
  14 red draconians
  9 purple draconians
  5 ettins
  An eidolon (Vaults:3)
  2 crystal guardians
  11 fire dragons
  2 jiangshi (Depths:3)
  6 deep elf death magi
  2 merfolk javelineers (Shoals:4)
  9 yaktaur captains
  12 great orbs of eyes
  6 merfolk impalers
  An entropy weaver (shapeshifter) (Vaults:5)
  7 deep elf high priests
  2 rakshasas
  4 spriggan air magi
  2 hell beasts
  5 entropy weavers
  9 hydras
  3 peacekeepers
  4 ogre magi
  6 ice dragons
  14 ironbound frosthearts
  2 jorogumos
  3 boulder beetles
  3 merfolk avatars
  32 vault guards
  11 centaur warriors
  2 radroaches
  A catoblepas (Lair:5)
  A merfolk aquamancer (Shoals:4)
  30 dancing weapons
  10 two-headed ogres
  A death knight (Vaults:3)
  5 deep troll shamans
  5 death yaks (D:8)
  4 tengu warriors
  2 vampire magi
  2 satyrs
  6 deep troll earth magi
  12 spriggan berserkers
  Urug (Lair:2)
  3 orc high priests (Orc:2)
  19 hell knights
  8 sun demons (Depths:3)
  Sonja (D:13)
  14 deep elf knights
  Nergalle (Lair:3)
  A shadow wraith (Vaults:5)
  34 deep trolls
  7 sea snakes
  8 iron trolls
  A skeletal warrior (Vaults:3)
  Amaemon (Lair:2)
  6 skysharks
  A sun moth (Spider:2)
  2 sixfirhies (Depths:2)
  Lodul (D:14)
  3 death drakes
  2 pharaoh ants (Spider:3)
  A glowing orange brain (Depths:3)
  15 wizards
  7 phantasmal warriors
  A flayed ghost (Depths:4)
  A swamp dragon (Zot:1)
  12 orb spiders
  6 orc knights
  An obsidian statue (Vaults:3)
  9 deep elf archers
  6 lindwurms
  A harpy (Shoals:4)
  12 ironbound convokers
  10 necromancers
  29 deep elf pyromancers
  23 deep elf zephyrmancers
  10 orc sorcerers
  7 steelbarb worms
  21 wolf spiders
  3 oklob plants (Lair:5)
  40 ugly things
  9 cyclopes
  12 fauns
  A cyclops (shapeshifter) (Vaults:4)
  6 shining eyes
  31 moths of wrath
  8 merfolk sirens
  5 elephants
  12 manticores
  2 guardian serpents
  8 water nymphs
  2 gargoyles (D:12)
  An elephant (shapeshifter) (Vaults:5)
  3 black mambas
  25 vault sentinels
  2 naga magi (Depths:3)
  5 demonic crawlers
  4 eyes of devastation
  A centaur skeleton (D:15)
  An orange demon (Lair:2)
  2 hellions
  4 torpor snails
  2 unseen horrors (D:11)
  5 cane toads
  An efreet (D:13)
  A komodo dragon (shapeshifter) (Elf:2)
  An unseen horror zombie (D:9)
  4 rime drakes
  5 tengu conjurers
  4 komodo dragons
  A red devil (Depths:2)
  22 yaktaurs
  11 hornets
  14 merfolk
  A queen bee (D:11)
  9 trolls
  3 hellwings (Depths:1)
  8 polar bears
  5 meliai
  8 wind drakes
  20 tarantellas
  15 blink frogs
  Prince Ribbit (Lair:2)
  8 snapping turtles
  21 jumping spiders
  12 air elementals
  9 dream sheep (Lair:5)
  26 spriggans
  18 culicivoras
  3 centaur simulacra (D:15)
  Sigmund (D:2)
  72 slime creatures
  A vampire (D:11)
  Eustachio (D:5)
  3 wyverns
  28 water elementals
  7 fire elementals
  3 large abominations (Elf:1)
  3 wraiths
  49 yaks
  2 basilisks (Lair:5)
  A human (shapeshifter) (Elf:2)
  24 redbacks
  2 golden eyes (Slime:5)
  A hog (Shoals:2)
  A steam dragon (D:8)
  6 vampire mosquitoes
  A neqoxec (Depths:2)
  4 wargs
  13 water moccasins
  3 acid dragons
  21 orc warriors
  3 black bears
  2 ice beasts
  A sky beast (D:8)
  14 ogres
  47 wolves
  8 boggarts
  A phantom (D:5)
  8 centaurs
  4 elf zombies (Elf:1)
  2 kobold brigands
  12 bullfrogs
  A gnoll sergeant (D:9)
  5 scorpions
  5 earth elementals
  17 wights
  43 killer bees
  5 electric eels
  2 howler monkeys
  A lava snake (Lair:3)
  A centaur zombie (D:9)
  3 hounds
  2 gnoll boudas (D:8)
  22 orc priests
  5 iguanas
  Jessica (D:2)
  A sleepcap (D:5)
  19 orc wizards
  16 gnolls
  9 adders
  A shadow imp (D:5)
  4 ufetubi
  3 worms
  A dart slug (D:2)
  76 orcs
  9 ball pythons
  3 bats
  7 endoplasms
  14 giant cockroaches
  5 goblins
  9 hobgoblins
  5 quokkas
  2 frilled lizards
  11 kobolds
  2 rats (D:2)
  A spectral weapon (Depths:1)
2103 creatures vanquished.

Vanquished Creatures (collateral kills)
  Sojobo (Depths:2)
  A quicksilver dragon (Zot:4)
  Mlioglotl (Spider:1)
  Asterion (Depths:1)
  A deep elf master archer (Elf:3)
  2 titans
  A deep elf blademaster (Elf:2)
  Gastronok (D:12)
  A storm dragon (Depths:4)
  2 tengu reavers
  Donald (Vaults:4)
  2 rockslimes (Slime:5)
  An emperor scorpion (Spider:1)
  Louise (D:14)
  A very ugly thing (Depths:4)
  A deep elf annihilator (Elf:3)
  A deep elf demonologist (Elf:3)
  A purple draconian (Zot:5)
  A merfolk impaler (Shoals:3)
  A deep elf high priest (Elf:3)
  The ghost of ritesign the Nimble, a journeyman DECj of Vehumet (D:11)
  2 dancing weapons (Elf:2)
  A merfolk aquamancer (Shoals:4)
  A hell knight (Vaults:5)
  A deep elf knight (Elf:2)
  A skyshark (Lair:5)
  A glowing orange brain (Vaults:4)
  A sea snake (Shoals:3)
  A phantasmal warrior (Vaults:5)
  A harpy (shapeshifter) (Vaults:5)
  2 deep elf pyromancers (Elf:2)
  A deep elf zephyrmancer (Elf:2)
  A cyclops (Shoals:3)
  2 merfolk sirens (Shoals:3)
  A demonic crawler (Spider:1)
  2 tengu conjurers
  A merfolk (Shoals:4)
  A hornet (Lair:5)
  5 dream sheep (Lair:5)
  A spriggan (Depths:1)
  2 water elementals (Shoals:4)
  A warg (Orc:2)
  A water moccasin (Lair:5)
  2 orc warriors (D:11)
  A centaur (D:14)
  A lava snake (Lair:5)
  2 orc priests (D:11)
  6 orcs
  A spectral weapon (Depths:1)
68 creatures vanquished.

Vanquished Creatures (others)
  A deep elf blademaster (Elf:3)
  A black draconian (Zot:5)
  A yellow draconian (Zot:5)
  A spark wasp (Depths:4)
  3 deep elf knights
  2 deep elf pyromancers
  A meliai (Spider:4)
  A hornet (Lair:5)
  A culicivora (Spider:4)
  An air elemental (Elf:2)
  A golden eye (Slime:5)
  An orc (Vaults:5)
  A spectral weapon (Depths:1)
16 creatures vanquished.

Grand Total: 2187 creatures vanquished

Notes
Turn   | Place    | Note
-------+----------+-------------------------------------------
     0 | D:1      | Hi5aMiFi the Minotaur Berserker began the quest for the
                  | Orb.
     0 | D:1      | Reached XP level 1. HP: 19/19 MP: 0/0
   315 | D:1      | Reached XP level 2. HP: 27/27 MP: 1/1
   484 | D:1      | Found a faded altar of an unknown god.
   935 | D:2      | Noticed Sigmund
   950 | D:2      | Gained mutation: You are agile. (Dex +4, Str/Int -1)
                  | [potion of mutation]
   973 | D:2      | Killed Sigmund
   974 | D:2      | Reached skill level 5 in Fighting
   974 | D:2      | Reached skill level 5 in Armour
   974 | D:2      | Reached XP level 3. HP: 36/36 MP: 2/2
   974 | D:2      | Reached XP level 4. HP: 42/42 MP: 3/3
   974 | D:2      | Reached XP level 5. HP: 48/48 MP: 4/4
  1094 | D:2      | Noticed Jessica
  1106 | D:2      | Killed Jessica
  1107 | D:2      | Reached skill level 1 in Polearms
  1280 | D:2      | Reached ** piety under Trog
  1584 | D:2      | Reached skill level 10 in Armour
  1584 | D:2      | Reached XP level 6. HP: 56/56 MP: 5/5
  2552 | D:3      | Found a sacrificial altar of Ru.
  2947 | D:4      | You fall into a shaft and drop 1 floor!
  2947 | D:5      | Entered Level 5 of the Dungeon
  2955 | D:5      | Found Uschoqaq's Armour Emporium.
  2963 | D:5      | Bought a +0 pair of boots for 54 gold pieces
  3044 | D:5      | Found Ycudoab's Assorted Antiques.
  3051 | D:5      | Bought a scroll of identify for 56 gold pieces
  3051 | D:5      | Bought a scroll labelled GUGAFUTSYKK for 28 gold pieces
  3097 | D:5      | Reached XP level 7. HP: 58/61 MP: 6/6
  3183 | D:5      | Reached skill level 1 in Throwing
  3406 | D:4      | Found a radiant altar of Vehumet.
  3738 | D:4      | Found a staircase to the Ecumenical Temple.
  3803 | D:4      | Found an ornate altar of the Wu Jian Council.
  3952 | D:5      | Found Yrruvuiz's Weapon Shop.
  4005 | D:5      | Noticed Eustachio
  4024 | D:5      | Killed Eustachio
  4025 | D:5      | Reached skill level 1 in Axes
  4025 | D:5      | Reached skill level 1 in Evocations
  4236 | D:5      | Found a glowing golden altar of the Shining One.
  4290 | D:5      | Reached *** piety under Trog
  4324 | D:5      | Reached XP level 8. HP: 70/70 MP: 7/7
  4621 | D:6      | Found a glowing drain.
  4651 | Sewer    | Entered a sewer
  5511 | D:7      | Reached XP level 9. HP: 78/78 MP: 8/8
  5777 | D:7      | Reached **** piety under Trog
  6081 | D:7      | Found an opulent altar of Gozag.
  6365 | D:8      | Found an iron altar of Okawaru.
  6423 | D:8      | Noticed a death yak
  6520 | D:8      | Reached skill level 5 in Axes
  6671 | D:5      | Bought a +4 battleaxe of freezing for 404 gold pieces
  6715 | D:8      | Found Dusmiaff's Distillery.
  6716 | D:8      | Found Xivudd's Book Shoppe.
  6841 | D:8      | Found a blossoming altar of Fedhas.
  6841 | D:8      | Found a stormy altar of Qazlal.
  6934 | D:8      | Found Rixkitia's General Store.
  7030 | D:8      | Found Xarufops's Antique Armour Emporium.
  7050 | D:8      | Found a staircase to the Lair.
  7052 | D:8      | Noticed a death yak
  7058 | D:8      | Noticed a death yak
  7068 | D:8      | Noticed a death yak
  7071 | D:8      | Killed a death yak
  7072 | D:8      | Reached XP level 10. HP: 88/88 MP: 9/9
  7076 | D:8      | Killed a death yak
  7077 | D:8      | Noticed a death yak
  7082 | D:8      | Killed a death yak
  7089 | D:8      | Killed a death yak
  7096 | D:8      | Killed a death yak
  7633 | D:9      | Reached ***** piety under Trog
  7785 | D:8      | Bought a scroll of identify for 24 gold pieces
  8181 | D:9      | Received a gift from Trog
  8201 | D:9      | Noticed a two-headed ogre
  8214 | D:9      | Killed a two-headed ogre
  8215 | D:9      | Reached skill level 5 in Evocations
  8215 | D:9      | Reached XP level 11. HP: 95/97 MP: 10/10
  8360 | D:9      | Reached skill level 10 in Axes
  8524 | Lair:1   | Entered Level 1 of the Lair of Beasts
  8563 | Lair:1   | Reached skill level 10 in Fighting
  9073 | Lair:1   | Found a white marble altar of Elyvilon.
  9751 | Lair:1   | Reached XP level 12. HP: 106/106 MP: 11/11
 10160 | D:8      | Bought a potion of might for 60 gold pieces
 10160 | D:8      | Bought a potion of might for 60 gold pieces
 10295 | Lair:2   | Noticed Amaemon
 10310 | Lair:2   | Killed Amaemon
 10567 | Lair:2   | Noticed Prince Ribbit
 10674 | Lair:2   | Noticed Urug
 10704 | Lair:2   | Killed Urug
 10859 | Lair:2   | Killed Prince Ribbit
 11503 | Lair:3   | Reached skill level 15 in Armour
 11708 | Lair:3   | Found a staircase to the Shoals.
 11760 | Lair:3   | Reached skill level 1 in Shields
 11937 | Lair:3   | Found a hole to the Spider Nest.
 11950 | Lair:3   | Noticed Nergalle
 12125 | Lair:3   | Killed Nergalle
 12126 | Lair:3   | Reached XP level 13. HP: 108/112 MP: 12/12
 12221 | Lair:4   | Found a glowing silver altar of Zin.
 13092 | Lair:5   | Entered Level 5 of the Lair of Beasts
 13315 | Lair:5   | Reached ****** piety under Trog
 13315 | Lair:5   | Received a gift from Trog
 13338 | Lair:5   | Reached skill level 5 in Shields
 13582 | Lair:5   | Found a viscous altar of Jiyva.
 14307 | Lair:5   | Paralysed by a hornet for 3 turns
 14384 | Lair:5   | Received a gift from Trog
 14794 | Lair:5   | Reached skill level 10 in Shields
 14968 | Lair:5   | Found a staircase to the Slime Pits.
 15218 | D:10     | Entered Level 10 of the Dungeon
 15295 | D:8      | Bought a pair of transparent gloves for 228 gold pieces
 15295 | D:8      | Identified the -1 pair of gloves "Aqeaxkul" {Int+3 Dex+3}
                  | (You bought it in a shop on level 8 of the Dungeon)
 15669 | D:10     | Reached XP level 14. HP: 127/127 MP: 13/13
 16037 | D:11     | Found a runed translucent gate.
 16038 | D:11     | Found a runed translucent gate.
 16039 | D:11     | Found a runed translucent gate.
 16040 | D:11     | Noticed ritesign's ghost (journeyman DECj)
 16040 | D:11     | Identified the +1 plate armour of an ice cave {Rampage
                  | Dex+2}
 16733 | D:11     | Reached skill level 5 in Maces & Flails
 16917 | D:11     | Identified the +4 battleaxe of Corporal Punishment {pain,
                  | rElec MP+9 Int-3 SInv}
 17017 | D:11     | Received a gift from Trog
 17230 | D:11     | Killed ritesign's ghost
 17252 | D:11     | Identified the +1 helmet "Pohudon" {Regen+}
 17676 | D:12     | Noticed Gastronok
 17687 | D:12     | Killed Gastronok
 17951 | D:12     | Noticed Nessos
 17960 | D:12     | Killed Nessos
 18004 | D:12     | Found a staircase to the Orcish Mines.
 18772 | D:13     | Identified the +9 quick blade of Uncertain Death {freeze,
                  | rF+ rN+}
 18780 | D:13     | Found Rin Uxkiuj's Weapon Shop.
 19119 | D:13     | Noticed Sonja
 19122 | D:13     | Killed Sonja
 19187 | D:13     | Found a gate to the Vaults.
 19662 | D:8      | Bought a potion of resistance for 150 gold pieces
 20210 | D:14     | Noticed Lodul
 20225 | D:14     | Killed Lodul
 20246 | D:14     | Noticed Louise
 20253 | D:14     | Reached XP level 15. HP: 139/139 MP: 14/14
 20258 | D:14     | Killed Louise
 20425 | Orc:1    | Entered Level 1 of the Orcish Mines
 20437 | Orc:1    | Received a gift from Trog
 20614 | Orc:2    | Entered Level 2 of the Orcish Mines
 20652 | Orc:2    | Found a staircase to the Elven Halls.
 20954 | Orc:1    | Found a radiant altar of Vehumet.
 21135 | Orc:1    | Found Kuvock's Jewellery Emporium.
 21214 | Orc:1    | Bought a ring of see invisible for 195 gold pieces
 21214 | Orc:1    | Bought an amulet of reflection for 390 gold pieces
 21486 | Orc:2    | Reached skill level 15 in Shields
 21491 | Orc:2    | Found Hipt's Magic Scroll Shop.
 21613 | Orc:2    | Reached skill level 15 in Fighting
 21649 | Orc:2    | Found Oraromal's Armour Shop.
 21655 | Orc:2    | Found Vilag's General Store.
 21660 | Orc:2    | Found Ceashrul's Jewellery Shoppe.
 22020 | Shoals:1 | Entered Level 1 of the Shoals
 22100 | Shoals:1 | Received a gift from Trog
 22114 | Shoals:1 | Identified the staff of conjuration "Ceokauf" {rCorr Int+3
                  | Dex+3}
 22240 | Shoals:1 | Found a runed translucent door.
 22788 | Shoals:2 | Noticed Kirke
 22809 | Shoals:2 | Killed Kirke
 23472 | Orc:2    | Bought the +7 chain mail of the Wheelwright {+Inv rElec
                  | rPois Str+2} for 895 gold pieces
 23708 | Spider:1 | Entered Level 1 of the Spider Nest
 24214 | Spider:1 | Received a gift from Trog
 24220 | Spider:1 | Reached XP level 16. HP: 147/149 MP: 15/15
 24680 | Orc:2    | Bought a scroll of blinking for 90 gold pieces
 25105 | Spider:1 | Noticed Mlioglotl
 25114 | Spider:1 | Killed Mlioglotl
 25542 | Spider:2 | Reached skill level 5 in Throwing
 26090 | Orc:2    | Bought a scroll of identify for 24 gold pieces
 26090 | Orc:2    | Bought a scroll of identify for 24 gold pieces
 26090 | Orc:2    | Identified a scroll of acquirement
 26093 | Orc:2    | Acquired the ring of Redoideu {Fire rCorr MP+9 Str+5
                  | Stlth-}
 28057 | Spider:4 | Entered Level 4 of the Spider Nest
 28076 | Spider:4 | Received a gift from Trog
 28458 | Orc:2    | Bought a scroll of blinking for 105 gold pieces
 30146 | Spider:4 | Got a gossamer rune of Zot
 30229 | Spider:4 | Reached XP level 17. HP: 159/159 MP: 16/16
 30602 | Shoals:3 | Received a gift from Trog
 30704 | Shoals:3 | Identified the +7 chain mail "Nang" {Contam Int+6}
 30794 | Shoals:3 | Reached skill level 10 in Evocations
 30794 | Shoals:3 | Noticed Ilsuiw
 30801 | Shoals:3 | Reached skill level 15 in Axes
 30816 | Shoals:3 | Killed Ilsuiw
 31236 | Orc:2    | Bought a scroll of brand weapon for 133 gold pieces
 31746 | Shoals:3 | Noticed a titan
 31761 | Shoals:3 | Killed a titan
 31878 | Shoals:4 | Entered Level 4 of the Shoals
 32243 | Orc:2    | Bought a scroll of enchant armour for 90 gold pieces
 32667 | Shoals:4 | Paralysed by an air elemental for 1 turns
 32671 | Shoals:4 | Paralysed by an air elemental for 1 turns
 32754 | Shoals:4 | Received a gift from Trog
 33333 | Shoals:4 | Paralysed by an air elemental for 1 turns
 33371 | Shoals:4 | Paralysed by an air elemental for 1 turns
 33481 | Shoals:4 | Found a stormy altar of Qazlal.
 33673 | Shoals:4 | Paralysed by an air elemental for 1 turns
 33801 | Shoals:4 | Identified the +6 falchion of Fortitude {flame, rPois Will-
                  | Dex+4}
 33917 | Shoals:4 | Paralysed by an air elemental for 1 turns
 33923 | Shoals:4 | Paralysed by an air elemental for 1 turns
 34132 | Shoals:4 | Identified the ring of Cafasty {MP+9 Str+3 Stlth+}
 34298 | Shoals:4 | Got a barnacled rune of Zot
 34776 | Vaults:1 | Entered Level 1 of the Vaults
 35513 | Vaults:1 | Reached XP level 18. HP: 170/170 MP: 17/17
 35981 | Vaults:1 | Received a gift from Trog
 36080 | Vaults:1 | Found Feuhyes's Armour Boutique.
 37018 | Vaults:2 | Found a flickering gateway to a bazaar.
 37029 | Bazaar   | Entered a bazaar
 37029 | Bazaar   | Found Keloih's Distillery.
 37036 | Bazaar   | Found Pugoojokko's Weapon Emporium.
 37044 | Bazaar   | Found Vonlouc's Assorted Antiques.
 37046 | Bazaar   | Found Plog's Antique Weapon Boutique.
 37083 | Bazaar   | Found Topeheap's Book Shoppe.
 37126 | Bazaar   | Bought a scroll of blinking for 157 gold pieces
 37126 | Bazaar   | Bought a potion of haste for 210 gold pieces
 37226 | Vaults:2 | Noticed Zenata
 37679 | Vaults:2 | Killed Zenata
 38478 | Vaults:2 | Received a gift from Trog
 38568 | Vaults:3 | Identified the ring "Jibrypef" {Wiz Stlth+}
 38988 | Vaults:3 | Found a staircase to the Crypt.
 39129 | Vaults:3 | Found a runed translucent gate.
 39129 | Vaults:3 | Found a runed translucent gate.
 39129 | Vaults:3 | Found a runed translucent gate.
 39129 | Vaults:3 | Found an opulent altar of Gozag.
 39130 | Vaults:3 | Found Kunu's Assorted Antiques.
 39130 | Vaults:3 | Noticed babbab's ghost (adept DsGl)
 39588 | Vaults:3 | Found a portal to a secret trove of treasure.
 39689 | Vaults:3 | Reached skill level 10 in Throwing
 40176 | Vaults:4 | Noticed Jory
 40198 | Vaults:4 | Killed Jory
 40199 | Vaults:4 | Reached XP level 19. HP: 114/179 MP: 18/18
 40549 | Vaults:4 | Found a runed translucent door.
 41011 | Vaults:4 | Received a gift from Trog
 41181 | Vaults:4 | Noticed Donald
 41188 | Vaults:4 | Killed Donald
 41973 | D:15     | Entered Level 15 of the Dungeon
 42500 | D:15     | Noticed Agnes
 42510 | D:15     | Killed Agnes
 42859 | D:15     | Found a staircase to the Depths.
 43014 | Elf:1    | Entered Level 1 of the Elven Halls
 43129 | Elf:1    | Found Ockawam's Armour Shoppe.
 43202 | Elf:1    | Paralysed by an air elemental for 1 turns
 43205 | Elf:1    | Paralysed by an air elemental for 1 turns
 43536 | Orc:2    | Bought a ring of positive energy for 320 gold pieces
 43597 | Elf:1    | Found a runed translucent door.
 43597 | Elf:1    | Found a runed translucent door.
 43810 | Elf:1    | Received a gift from Trog
 43811 | Elf:1    | Reached skill level 15 in Evocations
 44310 | Elf:1    | Found a runed translucent door.
 44328 | Elf:1    | Found a runed translucent door.
 44329 | Elf:1    | Found a runed translucent door.
 44437 | Elf:1    | Acquired the +2 pair of gloves of Fizoxyam {rF+ Will+
                  | Int-5}
 44470 | Elf:1    | Acquired 895 gold pieces
 44770 | Orc:2    | Bought the ring "Amyppek" {rPois rF- Str+6 Int+5 Dex+3} for
                  | 912 gold pieces
 44899 | Elf:2    | Found Limnenew's Antique Armour Shop.
 44899 | Elf:2    | Found Leirphaa's Book Boutique.
 44902 | Elf:2    | Reached XP level 20. HP: 180/193 MP: 19/19
 44903 | Elf:2    | Paralysed by an air elemental for 1 turns
 45018 | Elf:2    | Found Asawoff's Magic Scroll Boutique.
 45026 | Elf:2    | Found Nuxuchim's Jewellery Shop.
 45043 | Elf:2    | Bought a pair of embroidered boots for 240 gold pieces
 45043 | Elf:2    | Bought a pair of runed boots for 240 gold pieces
 45046 | Elf:2    | Bought a scroll of enchant armour for 157 gold pieces
 45189 | Elf:2    | Found a runed translucent door.
 45201 | Elf:2    | Noticed ritesign's ghost (adept DECj)
 45253 | Elf:2    | Received a gift from Trog
 45370 | Elf:2    | Found a runed translucent gate.
 45370 | Elf:2    | Found a runed translucent gate.
 45370 | Elf:2    | Found a runed translucent gate.
 45729 | Elf:2    | Received a gift from Trog
 46109 | Elf:3    | Entered Level 3 of the Elven Halls
 46606 | Elf:3    | Paralysed by an air elemental for 1 turns
 47299 | Elf:3    | Received a gift from Trog
 47622 | Elf:3    | Identified the +2 mace "Spider's Demise" {heavy, rPois rF+
                  | Will++ Dex-5}
 47644 | Elf:3    | Identified the +3 war axe "Jogige" {protect, rElec Dex+3}
 47701 | Elf:3    | Identified the ring of Soewimea {Fly rF+ Int+3}
 47756 | Elf:3    | Identified the staff of cold "Siteteibb" {rPois rF+ rC+
                  | rCorr Str-4 SInv}
 47797 | Elf:3    | Identified the +4 short sword of Imamutzo {freeze, Will+
                  | Dex+3}
 47812 | Elf:3    | Identified the ring of Torusy {rCorr Int+7 Dex+4}
 48399 | Elf:2    | Bought a scroll of blinking for 157 gold pieces
 48399 | Elf:2    | Bought a scroll of magic mapping for 157 gold pieces
 48587 | Depths:1 | Entered Level 1 of the Depths
 48634 | Depths:1 | Found Nikaec's Weapon Boutique.
 48853 | Depths:1 | Found a corrupted altar of Lugonu.
 48858 | Depths:1 | Found a one-way gate to the infinite horrors of the Abyss.
 48903 | Depths:1 | Noticed Asterion
 48914 | Depths:1 | Killed Asterion
 48928 | Depths:1 | Reached XP level 21. HP: 173/201 MP: 20/20
 48933 | Depths:1 | Identified the +2 trident "Sevosk" {heavy, Stlth+} (Trog
                  | gifted it to you on level 1 of the Depths)
 48933 | Depths:1 | Received a gift from Trog
 49446 | Depths:1 | Found the sphere of Battle
 49768 | Depths:1 | Found a one-way gateway to a ziggurat.
 49938 | Depths:1 | Found a gateway to Hell.
 50661 | Depths:2 | Received a gift from Trog
 50852 | Depths:2 | Noticed Sojobo
 50867 | Depths:2 | Killed Sojobo
 50907 | Depths:2 | Noticed Nikola
 50919 | Depths:2 | Killed Nikola
 50997 | Depths:2 | Noticed a juggernaut
 51014 | Depths:2 | Killed a juggernaut
 51015 | Depths:2 | Noticed a caustic shrike
 51035 | Depths:2 | Noticed a juggernaut
 51040 | Depths:2 | Killed a caustic shrike
 51057 | Depths:2 | Killed a juggernaut
 51070 | Depths:2 | Noticed a juggernaut
 51080 | Depths:2 | Noticed a juggernaut
 51085 | Depths:2 | Killed a juggernaut
 51095 | Depths:2 | Killed a juggernaut
 51120 | Depths:2 | Noticed a golden dragon
 51125 | Depths:2 | Noticed a juggernaut
 51325 | Depths:2 | Found a one-way gate leading to the halls of Pandemonium.
 51626 | Depths:2 | Killed a golden dragon
 51688 | Depths:2 | Killed a juggernaut
 51727 | Depths:2 | Reached XP level 22. HP: 174/206 MP: 21/21
 52146 | Depths:2 | Received a gift from Trog
 52149 | Depths:2 | Noticed the Enchantress
 52183 | Depths:2 | Killed the Enchantress
 52184 | Depths:2 | Reached skill level 15 in Throwing
 52978 | Depths:3 | Identified the +1 robe of Yesterday {+Inv rElec rCorr
                  | Archmagi}
 52994 | Depths:3 | Found a radiant altar of Vehumet.
 53023 | Depths:3 | Identified the +0 hat of Daisies {rF+ rCorr}
 53344 | Depths:3 | Received a gift from Trog
 54129 | Depths:4 | Entered Level 4 of the Depths
 55394 | Depths:4 | Identified the amulet of Obsession {Reflect rPois Regen+
                  | SH+5}
 55493 | Depths:4 | Received a gift from Trog
 55542 | Depths:4 | Identified the +9 mace "Vichetwi" {protect, *Noise Str+4}
 55563 | Depths:4 | Identified the +1 shortbow of the Valley of Death {flame,
                  | rPois rC+}
 56095 | Depths:4 | Noticed a golden dragon
 56108 | Depths:4 | Killed a golden dragon
 56135 | Depths:4 | Reached XP level 23. HP: 207/223 MP: 22/22
 56409 | Depths:4 | Found a gate to the Realm of Zot.
 57223 | Orc:2    | Bought a scroll of silence for 114 gold pieces
 57420 | Vaults:5 | Entered Level 5 of the Vaults
 57608 | Vaults:5 | Received a gift from Trog
 57768 | Vaults:5 | Found Suxzaodd's Magic Scroll Shoppe.
 57768 | Vaults:5 | Found Xifun's Distillery.
 57813 | Vaults:5 | Found Cusch's Distillery.
 58156 | Vaults:5 | Noticed Margery
 58171 | Vaults:5 | Killed Margery
 58239 | Vaults:5 | Noticed Saint Roka
 58262 | Vaults:5 | Killed Saint Roka
 58552 | Vaults:5 | Received a gift from Trog
 58765 | Vaults:5 | Found Keomy's Distillery.
 58774 | Vaults:5 | Got a silver rune of Zot
 58782 | Vaults:5 | Found Secamid's Jewellery Shoppe.
 58829 | Vaults:5 | Noticed a dread lich
 58846 | Vaults:5 | Killed a dread lich
 59310 | Vaults:5 | Reached XP level 24. HP: 237/237 MP: 22/22
 59318 | Vaults:5 | Found the +3 warlock's mirror {omnireflect}
 60259 | Vaults:5 | Bought a scroll of enchant armour for 180 gold pieces
 60259 | Vaults:5 | Bought a scroll of enchant armour for 180 gold pieces
 60623 | Slime:1  | Entered Level 1 of the Pits of Slime
 60860 | Slime:5  | Entered Level 5 of the Pits of Slime
 60971 | Slime:5  | Gained mutation: Your body sometimes deteriorates upon
                  | taking damage. [a shining eye]
 61240 | Slime:5  | Noticed the Royal Jelly
 61262 | Slime:5  | Found a viscous altar of Jiyva.
 61274 | Slime:5  | Reached skill level 27 in Armour
 61278 | Slime:5  | Received a gift from Trog
 61440 | Slime:5  | Killed the Royal Jelly
 61498 | Slime:5  | Identified the staff of conjuration "Mudeg" {rF- Int+3
                  | Dex+3}
 61530 | Slime:5  | Identified the amulet "Yvotec" {Reflect Dex+3 SH+5}
 61565 | Slime:5  | Got a slimy rune of Zot
 61576 | Slime:5  | Identified the staff of earth "Zateg" {rPois Stlth+}
 61627 | Slime:5  | Identified the staff of air "Ekuorotti" {rElec rC+ rCorr
                  | Dex+6}
 61792 | Lair:5   | Lost mutation: Your body sometimes deteriorates upon taking
                  | damage. [potion of mutation]
 61792 | Lair:5   | Lost mutation: You are agile. (Dex +4, Str/Int -1) [potion
                  | of mutation]
 61792 | Lair:5   | Gained mutation: Your body sometimes deteriorates upon
                  | taking damage. [potion of mutation]
 61792 | Lair:5   | Gained mutation: You have a pair of large horns on your
                  | head. [potion of mutation]
 61793 | Lair:5   | Lost mutation: You have a pair of large horns on your head.
                  | [potion of mutation]
 61793 | Lair:5   | Lost mutation: Your body sometimes deteriorates upon taking
                  | damage. [potion of mutation]
 61793 | Lair:5   | Gained mutation: You have hidden genetic potential. [potion
                  | of mutation]
 61793 | Lair:5   | Gained mutation: You are strong-willed. (Will+) [potion of
                  | mutation]
 61793 | Lair:5   | Gained mutation: You have an increased reservoir of magic.
                  | (+10% MP) [potion of mutation]
 62370 | Vaults:5 | Bought the ring "Jaox Pog" {Ice rElec rN+ Will- Str+5} for
                  | 742 gold pieces
 62421 | Vaults:5 | Bought a scroll of enchant weapon for 180 gold pieces
 62474 | Vaults:5 | Bought a potion of heal wounds for 50 gold pieces
 62474 | Vaults:5 | Bought a potion of heal wounds for 50 gold pieces
 62525 | Vaults:5 | Bought a potion of heal wounds for 70 gold pieces
 62525 | Vaults:5 | Bought a potion of haste for 140 gold pieces
 62525 | Vaults:5 | Bought a potion of haste for 140 gold pieces
 62536 | Vaults:5 | Bought a potion of might for 96 gold pieces
 62536 | Vaults:5 | Bought a potion of might for 96 gold pieces
 62800 | D:8      | Bought a scroll of vulnerability for 48 gold pieces
 62800 | D:8      | Bought a potion of lignification for 36 gold pieces
 62851 | D:8      | Bought a potion of lignification for 45 gold pieces
 62851 | D:8      | Bought a potion of attraction for 45 gold pieces
 63063 | Vaults:5 | Bought a potion of haste for 140 gold pieces
 63063 | Vaults:5 | Bought a potion of ambrosia for 112 gold pieces
 63345 | Vaults:3 | Killed babbab's ghost
 63403 | Vaults:3 | Bought a scroll of blinking for 240 gold pieces
 63702 | Elf:2    | Killed ritesign's ghost
 64624 | Zot:1    | Entered Level 1 of the Realm of Zot
 65871 | Zot:1    | Received a gift from Trog
 65987 | Zot:1    | Identified the ring of Coext {Will+ MP+9 Dex+6 Slay+3}
 66977 | Zot:2    | You fall into a shaft and drop 2 floors!
 67165 | Zot:3    | Noticed an ancient lich
 67169 | Zot:3    | Noticed Cuhe's ghost (adept MeEE)
 67170 | Zot:3    | Found a runed translucent gate.
 67170 | Zot:3    | Found a runed translucent gate.
 67170 | Zot:3    | Found a runed translucent gate.
 67586 | Zot:3    | Reached XP level 25. HP: 254/254 MP: 11/24
 67934 | Zot:3    | Received a gift from Trog
 68759 | Zot:4    | Reached skill level 27 in Fighting
 69504 | Zot:4    | Gained mutation: You have large cloven feet. [hidden
                  | potential]
 69572 | Zot:5    | Entered Level 5 of the Realm of Zot
 69575 | Zot:5    | Identified the +3 leather armour of the Sandy God {Contam
                  | Str+3 Int+2}
 70144 | Zot:5    | Noticed an ancient lich
 70145 | Zot:5    | Noticed a Killer Klown
 70150 | Zot:5    | Noticed an orb of fire
 70150 | Zot:5    | Killed an ancient lich
 70179 | Zot:5    | Killed a Killer Klown
 70180 | Zot:5    | Killed an orb of fire
 70272 | Zot:5    | Noticed an orb of fire
 70279 | Zot:5    | Noticed a Killer Klown
 70283 | Zot:5    | Killed an orb of fire
 70286 | Zot:5    | Noticed an ancient lich
 70296 | Zot:5    | Received a gift from Trog
 70297 | Zot:5    | Killed a Killer Klown
 70299 | Zot:5    | Killed an ancient lich
 70303 | Zot:5    | Noticed a dread lich
 70314 | Zot:5    | Killed a dread lich
 70329 | Zot:5    | Noticed a dread lich
 70338 | Zot:5    | Killed a dread lich
 70368 | Zot:5    | Noticed a dread lich
 70373 | Zot:5    | Noticed a Killer Klown
 70379 | Zot:5    | Noticed a dread lich
 70381 | Zot:5    | Killed a dread lich
 70387 | Zot:5    | Killed a dread lich
 70404 | Zot:5    | Noticed an ancient lich
 70410 | Zot:5    | Reached skill level 27 in Shields
 70432 | Zot:5    | Killed an ancient lich
 70447 | Zot:5    | Killed a Killer Klown
 70448 | Zot:5    | Reached XP level 26. HP: 242/266 MP: 6/24
 70548 | Zot:5    | Noticed an orb of fire
 70550 | Zot:5    | Gained mutation: You are frail. (-10% HP) [an orb of fire]
 70569 | Zot:5    | Killed an orb of fire
 70643 | Zot:5    | Noticed a dread lich
 70679 | Zot:5    | Killed a dread lich
 70790 | Zot:5    | Noticed an ancient lich
 70813 | Zot:5    | Killed an ancient lich
 71203 | Zot:5    | Got the Orb of Zot
 71675 | D:$      | Escaped with the Orb!

Illustrated notes

Levels and vault maps discovered:
D:1:      minmay_arrival_wavy_path, layout_loops_ring,
          shapermc_ecumenical_altar_starsandcircs
D:2:      layout_loops_ring, kennysheep_jessica_study, uniq_jessica,
          uniq_sigmund
D:3:      layout_loops_corners, nicolae_ru_sacrificial_ziggurat,
          kennysheep_crisscross
D:4:      layout_loops_cross, nicolae_wu_jian_immortal_techniques,
          lemuel_coloured_pillars_altar, minmay_temple_entry_junction
D:5:      layout_gridville, mainiacjoe_overflow_brackets, serial_shops, shop,
          shop, nicolae_stop_n_shop_1, grunt_decor_one_mirror, uniq_eustachio
D:6:      layout_loops_ring, gup_sewer_entry_glass
D:7:      layout_loops_ring, mainiacjoe_overflow_alcove_2, nicolae_wand_duel
D:8:      layout_loops_ring, grunt_temple_overflow_forces_of_nature,
          okawaru_altar_gauntlet_db, dpeg_lair_monsters, serial_shops, shop,
          shop, nicolae_shop_competitors_out_of_business,
          nicolae_shop_rolling_square, dreamdust_princess_corridor
D:9:      layout_loops_ring, serial_undead, serial_undead_b, serial_undead_b,
          serial_undead_b, serial_undead_c
D:10:     layout_basic
D:11:     regret_index_combs_of_tragedy, layout_basic,
          biasface_ghost_orc_armoury
D:12:     layout_loops_ring, hiddenorc2_lemuel, kennysheep_generic_room_11,
          uniq_gastronok, uniq_nessos
D:13:     layout_long_grid, erik_vaults_1, serial_shops, nicolae_diamond_shop,
          st_stairs_3, nrook_guardian_serpent_double, uniq_sonja
D:14:     nicolae_moon_pools, layout_long_grid, uniq_louise, uniq_lodul
D:15:     grunt_enter_depths_magical_seal, layout_basic, serial_glass,
          glass_columns_c, glass_columns_b, minmay_crystal_water, uniq_agnes
Lair:1:   wad_woods_stonehenge, layout_cave_pods, st_stairs_5,
          chequers_serial_rivers_large_a, grunt_megastairs_2, lemuel_fruit_tree
Lair:2:   layout_chaotic_city, beast_lair_carwin_3, uniq_amaemon, uniq_urug,
          uniq_prince_ribbit2
Lair:3:   layout_gridlike, minmay_shoals_entry_hut,
          spider_nest_entry_funnel_web, nicolae_lair_grove_arrangements,
          uniq_nergalle
Lair:4:   layout_regular_city, basic_altar
Lair:5:   minmay_lair_end_enchanted_forest, layout_gridlike,
          minmay_slime_entry_oklob_enclosed, serial_bayou_lake_a
Shoals:1: layout_shoals, lightli_airlock
Shoals:2: layout_shoals, nicolae_shoals_seven_spires, uniq_kirke
Shoals:3: cheibrodos_shoals_gigantism, layout_shoals, uniq_ilsuiw
Shoals:4: shoals_end_hellmonk_storm_palace [storm_palace_center_square,
          storm_palace_corner_pillars, storm_palace_corner_grid,
          storm_palace_corner_grid, storm_palace_corner_altar], serial_shops
Spider:1: layout_spider_delve, nicolae_spider_nooks_and_crannies, uniq_mlioglotl
Spider:2: layout_chambers, drop_trap, hangedman_spider_tarantella_strand
Spider:3: layout_spider_delve
Spider:4: hellmonk_spider_rune_endless_swarm, nicolae_spider_circle_web,
          nicolae_orb_island
Slime:1:  layout_caves, basic_altar, nicolae_slime_barrier
Slime:2:  layout_caves
Slime:3:  layout_caves, nicolae_slime_welcoming_committee
Slime:4:  cheibrodos_slime_lost_civilization_3, layout_caves,
          cheibrodos_slime_lost_civilization_7
Slime:5
Orc:1:    layout_caves, basic_altar, serial_shops, shop
Orc:2:    st_orc_elflike, layout_diamond_mine, library_closet
Elf:1:    minmay_the_grid_four_pointed_star
          [minmay_the_grid_triangle_9x9_tough_junction,
          minmay_the_grid_triangle_9x9_thin_v,
          minmay_the_grid_triangle_9x9_impossible_snake,
          minmay_the_grid_triangle_9x9_fully_insulated_deathbox,
          minmay_the_grid_prize_four_corners], layout_gridlike, serial_shops,
          shop, minmay_elf_necromancy
Elf:2:    nicolae_elf_blades_splatter_lattice [nicolae_blade_lattice],
          layout_geoelf_octagon, ebering_ghost_inner_flame, minmay_shoptagon
Elf:3:    minmay_elf_hall_hex, layout_gridlike, drop_trap
Vaults:1: vaults_room_door_hall, ontoclasm_vaults_chip,
          nicolae_vaults_offset_grid_hallway_1, nicolae_vaults_bisected_slash,
          ontoclasm_vaults_ring_square, nicolae_vaults_network_s,
          nicolae_vaults_cornered_office, vaults_room_ringed_pool,
          nicolae_vaults_diamond_2, nicolae_vaults_octothorpe,
          nicolae_vaults_shipping_containers_4, nicolae_vaults_little_squares_3,
          nicolae_vaults_shelves_hall, nicolae_vaults_theta,
          layout_vaults_big_cross, serial_shops, nicolae_shop_statue_plus
Vaults:2: nicolae_vaults_rhombus_6, nicolae_vaults_little_squares_2,
          nicolae_vaults_sesquioval_fish, hangedman_vaults_cutoff,
          vaults_dpeg_ring, vaults_dpeg_emergency_exit, layout_vaults_big_room,
          serial_shops, bzr_entry_dummy, uniq_zenata
Vaults:3: ebering_ghost_gozag, vaults_standard_mumra_lines,
          minmay_crypt_entry_simple_plaza, v_rooms_4,
          nicolae_vaults_big_angled_halls, nicolae_vaults_doubleplus_tesselated,
          nicolae_vaults_ninety_degrees, v_alt_pattern_6,
          nicolae_vaults_closet_pinwheel_6, ontoclasm_vaults_hangar,
          nicolae_vaults_trapezoid_lopsided_1,
          nicolae_vaults_trapezoid_lopsided_2, layout_vaults_maze_bifur,
          nicolae_trove_entry_isolated
Vaults:4: vaults_dpeg_doors, nicolae_vaults_six-pack, nicolae_vaults_oozy_zoo,
          dpeg_vaults_monster_box, nicolae_vaults_closet_pinwheel_5,
          nicolae_vaults_sightless_eye, nicolae_vaults_sesquioval_fish,
          nicolae_vaults_meiosis, nicolae_vaults_tangram_2,
          ontoclasm_vaults_gateway, layout_vaults_omnibox, uniq_jory,
          uniq_donald
Vaults:5: uniq_margery, uniq_saint_roka
Depths:1: layout_big_octagon, enter_ziggurat_b, abyss_entry_flame_altar,
          pf_hell_entry_tar_river, minmay_hollow_rounded_squares,
          grunt_megastairs_1, minmay_shop_star, uniq_asterion
Depths:2: nicolae_fronds_of_death, layout_cave_pools, rand_demon_pan_entry_8,
          pf_coc_iceberg, abyss_entry, minmay_staircase_windowed_large,
          uniq_enchantress, uniq_sojobo, uniq_nikola
Depths:3: minmay_bubble_buster, layout_honeycomb, hangedman_abyss_entry_splay,
          nicolae_hell_entry_hellmouth_sunbeams, grunt_decor_fettered,
          grunt_tower_of_power
Depths:4: lemuel_castle_with_subvaults [lemuel_castle_interior_original],
          layout_cave_pools, serial_bayou_pond_a, pf_dread_powers_of_hell,
          fake_guardian_serpent_vault
Zot:1:    layout_basic, nicolae_lava_and_water, hangedman_swamp_dais
Zot:2:    layout_basic
Zot:3:    layout_concentric_octagons, gammafunk_ghost_necromancy
Zot:4:    layout_twisted_circle
Zot:5:    layout_concentric_octagons, st_stairs_1

Skill      XL: |  1  2  3  4  5  6  7  8  9 10 11 12 13 14 15 16 17 18 19 20 21 22 23 24 25 26 |
---------------+-------------------------------------------------------------------------------+-----
Fighting       | 4 5 6 8 9 10 12 14 15 16 17 18 20 21 22 23 26 27 | 27.0
Armour         | 5 10 13 15 16 17 19 20 23 26 27 | 27.0
Polearms       | 11 | 11.7
Throwing       | 2 3 4 7 8 10 14 16 | 16.0
Axes           | 1 3 6 9 11 14 16 | 16.0
Evocations     | 1 2 3 5 6 9 11 13 15 16 | 16.7
Shields        | 2 10 13 17 22 23 27 | 27.0
Maces & Flails | 7 |  7.3
Dodging        | |  2.1

Action                     |  1- 3 |  4- 6 |  7- 9 | 10-12 | 13-15 | 16-18 | 19-21 | 22-24 | 25-27 || total
---------------------------+-------+-------+-------+-------+-------+-------+-------+-------+-------++-------
  Melee: Mace              |    47 |    23 |       |       |       |       |       |       |       ||    70
         Punch             |     1 |     1 |       |       |       |       |       |       |       ||     2
         Unarmed           |     3 |       |       |       |       |       |       |       |       ||     3
         Headbutt          |     2 |    14 |    31 |    77 |   259 |   428 |   378 |   619 |   198 ||  2006
         Halberd           |       |    49 |   274 |       |       |       |       |       |       ||   323
         Battleaxe         |       |       |    40 |   374 |   118 |       |       |       |       ||   532
         War axe           |       |       |       |       |   153 |       |       |       |       ||   153
         Demon whip        |       |       |       |       |   682 |   563 |       |       |       ||  1245
         Demon trident     |       |       |       |       |   295 |     8 |       |       |       ||   303
         Broad axe         |       |       |       |       |       |   847 |  1269 |  1805 |   593 ||  4514
  Throw: Dart              |     9 |     3 |    13 |    54 |    67 |    58 |     2 |       |       ||   206
         Stone             |     3 |     1 |       |       |       |       |       |       |       ||     4
         Boomerang         |       |     3 |     5 |    10 |   172 |    12 |    60 |   134 |    42 ||   438
         Javelin           |       |       |       |       |    15 |     4 |    15 |    10 |    24 ||    68
         Throwing net      |       |       |       |       |       |       |       |     2 |       ||     2
 Invoke: Berserk           |       |     1 |     1 |       |       |       |       |       |       ||     2
         Trog's Hand       |       |       |       |     1 |    13 |    20 |    23 |     7 |     7 ||    71
         Brothers in Arms  |       |       |       |       |     6 |     3 |     7 |     4 |     1 ||    21
  Evoke: Wand              |       |       |       |     2 |    51 |    26 |     4 |    16 |    28 ||   127
         Tin of tremorston |       |       |       |       |     1 |     2 |     2 |     2 |     4 ||    11
         Box of beasts     |       |       |       |       |       |     2 |     2 |     2 |     2 ||     8
         Phial of floods   |       |       |       |       |       |     1 |       |       |       ||     1
         Phantom mirror    |       |       |       |       |       |       |     3 |     2 |       ||     5
         Lightning rod     |       |       |       |       |       |       |       |     2 |     2 ||     4
    Use: Potion            |     3 |     1 |       |     2 |     5 |    11 |    16 |     5 |    29 ||    72
         Scroll            |       |     8 |     7 |     8 |    15 |    17 |    15 |    14 |    13 ||    97
   Stab: Invisible         |       |       |       |     3 |     2 |       |       |     2 |     3 ||    10
         Petrified         |       |       |       |       |     1 |       |       |       |       ||     1
         Distracted        |       |       |       |       |       |       |     2 |     2 |       ||     4
         Betrayed ally     |       |       |       |       |       |       |       |     1 |       ||     1
 Armour: Plate armour      |    18 |    21 |    76 |   151 |   329 |       |       |       |       ||   595
         Animal skin       |     1 |       |       |       |       |       |       |       |       ||     1
         Skin              |    15 |       |       |       |       |       |       |       |     4 ||    19
         Chain mail        |       |       |       |       |    32 |   320 |   211 |   244 |       ||   807
         Gold dragon scale |       |       |       |       |       |       |       |   205 |   145 ||   350
  Dodge: Dodged            |    18 |    36 |   131 |   187 |   301 |   163 |   103 |   220 |    54 ||  1213
  Block: Kite shield       |       |       |       |       |   277 |       |       |       |       ||   277
         Tower shield      |       |       |       |       |   364 |  1297 |  1003 |  1549 |   540 ||  4753
         Reflection        |       |       |       |       |     9 |    55 |    73 |    28 |     9 ||   174
